 Dungeon Crawl Stone Soup version 0.32-a0-975-g85d4e5bfdb (webtiles) character file.

Game seed: 15121331484837843331

86 Maxmaps the Trooper (level 4, 0/50 HPs)
             Began as an Oni Shapeshifter on Apr 19, 2024.
             Killed by divine providence
             ... invoked by an orc priest
              (12 damage)
             ... on level 3 of the Dungeon.
             The game lasted 00:01:25 (1749 turns).

Maxmaps the Trooper (Oni Shapeshifter)              Turns: 1749, Time: 00:01:26

Health: 0/50       AC:  3    Str: 18    XL:     4   Next: 49%
Magic:  4/4        EV:  8    Int: 13    God:
Gold:   183        SH:  0    Dex:  8    Spells: 3/3 levels left

rFire   . . .        g - +0 mace
rCold   . . .        (no shield)
rNeg    . . .        a - +0 animal skin
rPois   .            (helmet currently unavailable)
rElec   .            (cloak currently unavailable)
rCorr   .            (gloves unavailable)
SInv    .            (boots unavailable)
Will    .....        (no amulet)
Stlth   +            (no ring)
HPRegen 0.28/turn    (no ring)
MPRegen 0.09/turn

%: no passive effects
@: beast-form
A: beast (slay +1), large, unfitting armour, horns 1, tough skin 1, double
potion healing, drunken brawling
a: Begin Untransformation, Convert to Beogh


You were on level 3 of the Dungeon.
You were a hulking beast.
You visited 1 branch of the dungeon, and saw 3 of its levels.

You collected 183 gold pieces.

Inventory:

Hand Weapons
 g - a +0 mace (weapon)
 o - a +0 whip
Armour
 a - a +0 animal skin (worn)
Jewellery
 k - a ring of magical power
Talismans
 c - a beast talisman (active)
 d - a flux talisman
Wands
 q - a wand of flame (8)
Scrolls
 j - a scroll of fog {unknown}
 m - a scroll of vulnerability {unknown}
 n - a scroll of blinking {unknown}
 p - a scroll of immolation {unknown}
 s - a scroll of identify {unknown}
Potions
 b - 2 potions of lignification
 e - a potion of invisibility {unknown}
 f - a potion of curing {unknown}
 h - a potion of cancellation {unknown}
 i - a potion of heal wounds {unknown}
 l - 2 potions of resistance {unknown}
 r - a potion of haste {unknown}
 t - a potion of might {unknown}


   Skills:
 + Level 5.6 Fighting
 - Level 1.7 Dodging
 - Level 2.6 Unarmed Combat
 - Level 3.0 Shapeshifting


You had 3 spell levels left.
You didn't know any spells.
Your spell library contained the following spells:

 Spells                   Type           Power      Damage    Failure   Level
 Fugue of the Fallen      Necr           0%         N/A       67%         3
 Ozocubu's Armour         Ice            0%         N/A       67%         3
 Manifold Assault         Tloc           0%         N/A       100%        7


Dungeon Overview and Level Annotations

Branches:
Dungeon (3/15)

Altars:

Shops:
D:1 :   D:3 :


Innate Abilities, Weirdness & Mutations

You are a hulking beast.
Your limbs bulge with bestial killing power. (Slay +1)
You are too large for most types of armour.
You have a pair of small horns on your head.
You have tough skin. (AC +1)
You gain doubled healing and magic from potions.
Whenever you drink a healing potion, you attack all around you.


Message History

An orc comes into view. It is wielding a +0 club.
The orc shouts!
Things that are here:
a +0 club; a goblin corpse You hear a shout!
The endoplasm jiggles.
The endoplasm attacks as it pursues you!
The endoplasm hits you.
The endoplasm attacks as it pursues you!
The endoplasm barely misses you. The endoplasm closely misses you.
An orc priest comes into view. It is wielding a +0 hand axe.
The orc priest shouts!
An orc priest comes into view. It is wielding a +0 hand axe.
The orc priest calls down the wrath of Beogh upon you.
Beogh smites you!
The orc priest shouts!
You hear a shout!
The endoplasm attacks as it pursues you!
The endoplasm hits you but does no damage.
The endoplasm attacks as it pursues you!
The endoplasm barely misses you.
The orc priest calls down the wrath of Beogh upon you.
Beogh smites you!
The orc priest threatens, "Beogh's wrath is as vast as their mercy.
Make your choice!" (press Y on the ability menu to convert to Beogh)
You see here a ring of ice.
You sock the endoplasm!
You kill the endoplasm!
Okay, then.
You barely miss the orc priest.
The orc priest hits you with a +0 hand axe.
The orc priest calls down the wrath of Beogh upon you.
Beogh smites you!
* * * LOW HITPOINT WARNING * * *
The orc priest casts a cantrip, but nothing happens.
You hit the orc priest but do no damage.
The orc priest calls down the wrath of Beogh upon you.
Beogh smites you!
You die...

#.####.#######.##.
#.####............
####...............#.
##.).....##.........##
##..##.##.##.........##
#).o##.##.##.......#.##
#..o.o.# ##..>....#.##
#.#.##o##.##.......#...
#.## #h...#############
# #.#### #.# ... ..#
.#.# .#.. #.###


You could see 2 orc priests.

Vanquished Creatures
  A bombardier beetle (D:3)
  An adder (D:2)
  2 dart slugs (D:2)
  6 endoplasms
  2 giant cockroaches (D:1)
  A hobgoblin (D:2)
  A quokka (D:1)
  6 ball pythons
  2 bats
  A frilled lizard (D:1)
  3 goblins
  3 kobolds
  12 rats
41 creatures vanquished.

Notes
Turn   | Place    | Note
-------+----------+-------------------------------------------
     0 | D:1      | Maxmaps the Oni Shapeshifter began the quest for the Orb.
     0 | D:1      | Reached XP level 1. HP: 19/19 MP: 1/1
    87 | D:1      | Reached skill level 2 in Fighting
   178 | D:1      | Reached XP level 2. HP: 29/29 MP: 2/2
   188 | D:1      | You fall into a shaft and drop 1 floor!
   257 | D:2      | Reached skill level 3 in Fighting
   524 | D:1      | Found Qumna Wiewut's Book Emporium.
   927 | D:2      | Reached XP level 3. HP: 39/39 MP: 3/3
   963 | D:2      | Reached skill level 4 in Fighting
  1626 | D:3      | Reached skill level 5 in Fighting
  1626 | D:3      | Reached XP level 4. HP: 43/50 MP: 4/4
  1717 | D:3      | Found Zoh Cyom's Book Emporium.
  1749 | D:3      | Killed from afar by an orc priest

Illustrated notes

Levels and vault maps discovered:
D:1:      lightli_iron_boxes, layout_basic, serial_shops, shop, feat_on_display
D:2:      layout_loops_corners, nrook_uturn
D:3:      layout_loops_cross, serial_shops, nicolae_shop_just_a_little_nook,
          dreamdust_ecumenical_altar_hidden_monk_grotto, minmay_misc_feat_tiny

Skill      XL: |  1  2  3 |
---------------+----------+-----
Fighting       | 2 3 5 |  5.6
Dodging        | |  1.7
Unarmed Combat | |  2.6
Shapeshifting  | |  3.0

Action                     |  1- 3 |  4- 6 || total
---------------------------+-------+-------++-------
  Melee: Mace              |    77 |     8 ||    85
         Unarmed           |     3 |       ||     3
         Headbutt          |    11 |       ||    11
   Stab: Sleeping          |     2 |       ||     2
 Armour: Animal skin       |    58 |     5 ||    63
  Dodge: Dodged            |    46 |     4 ||    50

Table legend: (Time is in decaauts)
 A = Elapsed time spent in this place.
 B = Non-inter-level travel time spent in this place.
 C = Inter-level travel time spent in this place.
 D = Time resting spent in this place.
 E = Time spent auto-exploring this place.
 F = Levels seen in this place.
 G = Mean time per level.
                   A        B        C        D        E       F      G
               +--------+--------+--------+--------+--------+-----+--------+
         Total |   1781 |   1722 |     59 |      0 |   1422 |   3 |  593.7 |
       Dungeon |   1781 |   1722 |     59 |      0 |   1422 |   3 |  593.7 |
               +--------+--------+--------+--------+--------+-----+--------+

Top non-repeatable levels by time:
     D:2: 970 daAuts
     D:1: 582 daAuts
     D:3: 228 daAuts
